 Seeded DCSS version 0.30-a0-1123-gabc949cf19 (webtiles) character file.

Game seed: 9737551419963057751 (custom seed)

336 Mickster the Chopper (level 6, -2/53 HPs)
             Began as a Hill Orc Berserker on Apr 22, 2023.
             Was a Believer of Trog.
             Slain by an iguana (8 damage)
             ... on level 5 of the Dungeon.
             The game lasted 00:26:03 (2456 turns).

Mickster the Chopper (Hill Orc Berserker)           Turns: 2456, Time: 00:26:04

Health: -2/53      AC: 11    Str: 22    XL:     6   Next: 54%
Magic:  6/6        EV:  6    Int:  7    God:    Trog [**....]
Gold:   129        SH:  0    Dex: 10    Spells: 5/5 levels left

rFire   x . .        a - +2 hand axe (heavy)
rCold   + . .        (no shield)
rNeg    . . .        e - +0 plate armour
rPois   .            (no helmet)
rElec   .            (no cloak)
rCorr   .            (no gloves)
SInv    .            (no boots)
Will    .....        (no amulet) Stlth
                     n - ring of ice
HPRegen 0.28/turn    (no ring)
MPRegen 0.10/turn

%: no passive effects
@: no status effects
A: no striking features
a: Renounce Religion, Berserk, Trog's Hand


You were on level 5 of the Dungeon.
You worshipped Trog.
Trog was pleased with you.
You visited 1 branch of the dungeon, and saw 5 of its levels.

You collected 129 gold pieces.

Inventory:

Hand Weapons
 a - a +2 heavy hand axe (weapon)
 f - a +0 dagger of draining
 g - a +3 dagger of speed
 h - a +0 short sword of draining
Missiles
 i - 28 stones (quivered)
Armour
 e - a +0 plate armour (worn)
Jewellery
 n - a ring of ice (left hand)
Scrolls
 b - 2 scrolls of amnesia
 j - 2 scrolls of magic mapping
 k - a scroll of blinking
 o - a scroll of enchant weapon
Potions
 c - 3 potions of brilliance
 d - a potion of haste
 l - a potion of lignification
 m - 2 potions of curing
 p - a potion of cancellation {unknown}
 q - 2 potions of berserk rage {unknown}


   Skills:
 + Level 4.7 Fighting
 - Level 1.0 Short Blades
 * Level 7.2 Axes
 + Level 3.8 Armour
 + Level 1.8 Dodging
 + Level 1.1 Stealth


You had 5 spell levels left.
You didn't know any spells.
Your spell library was empty.

Dungeon Overview and Level Annotations

Branches:
Dungeon (5/15)
 Temple: D:4-7

Altars:
Kikubaaqudgha
Qazlal
Trog

Portals:
Ossuary: D:4


Message History

You feel very sick.
The scorpion stings you but does no damage.
You hit the scorpion.
You punch the scorpion, but do no damage.
The scorpion is almost dead.
You feel very sick.
The scorpion stings you but does no damage. x2
You hit the scorpion.
The scorpion is almost dead.
You feel sick.
The scorpion stings you but does no damage. x2
You hit the scorpion.
You kill the scorpion!
Trog accepts your kill.
You feel sick.
Your Axes skill increases to level 7!
You feel sick.
You see here a scorpion corpse.
You feel sick.
You now have 104 gold pieces (gained 9).
You feel sick.
You are no longer poisoned.
You see here a scorpion corpse.
Found a scroll of amnesia.
You now have 119 gold pieces (gained 15).
Found a stone staircase leading up.
q - 2 fizzy sapphire potions
b - 2 scrolls of amnesia (gained 1)
You now have 129 gold pieces (gained 10).
You open the door.
An iguana comes into view.
The iguana hisses angrily.
The iguana bites you!
* * * LOW HITPOINT WARNING * * *
There is an open door here.
The iguana bites you!
* * * LOW HITPOINT WARNING * * *
The iguana barely misses you. The iguana bites you!
You die...

.....).............#
...................#
...................#
....................
.................##### .
.................#...#..
..............#.........
..............'........#
..............#l@......#
..............#........#
..............#........#
..............#........#
..............######.#..
..............# .# .
..............# #
..............#
..............#


You could see an iguana.

Vanquished Creatures
  2 scorpions
  2 hounds (D:5)
  A sleepcap (D:4)
  An orc wizard (D:3)
  3 adders (D:3)
  An ufetubus (D:3)
  3 worms
  A dart slug (D:3)
  6 orcs (D:3)
  6 ball pythons
  7 bats
  5 endoplasms
  2 giant cockroaches (D:3)
  7 goblins
  4 hobgoblins
  7 jackals
  A quokka (D:1)
  A frilled lizard (D:3)
  3 kobolds
  2 rats (D:3)
65 creatures vanquished.

Notes
Turn   | Place    | Note
-------+----------+-------------------------------------------
     0 | D:1      | Mickster the Hill Orc Berserker began the quest for the
                  | Orb.
     0 | D:1      | Reached XP level 1. HP: 19/19 MP: 1/1
   139 | D:1      | Reached XP level 2. HP: 27/27 MP: 2/2
   631 | D:2      | Reached XP level 3. HP: 33/33 MP: 3/3
   645 | D:2      | Found a bloodstained altar of Trog.
   739 | D:2      | Reached skill level 1 in Short Blades
   966 | D:3      | Reached ** piety under Trog
  1049 | D:3      | Reached XP level 4. HP: 41/41 MP: 4/4
  1053 | D:3      | Reached skill level 5 in Axes
  1154 | D:3      | Found an ancient bone altar of Kikubaaqudgha.
  1574 | D:3      | Reached XP level 5. HP: 46/47 MP: 5/5
  1855 | D:4      | Found a stormy altar of Qazlal.
  1884 | D:4      | Reached skill level 6 in Axes
  2128 | D:4      | Found a sand-covered staircase.
  2310 | D:5      | Entered Level 5 of the Dungeon
  2314 | D:5      | Reached XP level 6. HP: 53/53 MP: 6/6
  2355 | D:5      | Reached skill level 1 in Stealth
  2403 | D:5      | Reached skill level 7 in Axes
  2456 | D:5      | Slain by an iguana

Illustrated notes

Levels and vault maps discovered:
D:1:      lemuel_arrival_behind_the_door_large, layout_loops_cross,
          nicolae_ecumenical_snake_handling
D:2:      layout_loops_corners, basic_altar, st_stairs_7,
          nicolae_elevator_lobby_asterisk
D:3:      layout_loops_ring, mainiacjoe_overflow_chevrons, minmay_starry_boxes
D:4:      layout_cave_pools, mainiacjoe_overflow_swirl,
          nicolae_ossuary_entry_ruins
D:5:      layout_basic

Skill      XL: |  1  2  3  4  5  6 |
---------------+-------------------+-----
Fighting       | 4 |  4.7
Short Blades   | 1 |  1.0
Axes           | 5 6 7 |  7.2
Armour         | 3 |  3.8
Stealth        | 1 |  1.1
Dodging        | |  1.8

Action                     |  1- 3 |  4- 6 || total
---------------------------+-------+-------++-------
  Melee: Hand axe          |    35 |    84 ||   119
         Dagger            |    46 |       ||    46
         Punch             |       |     2 ||     2
 Invoke: Berserk           |     2 |     1 ||     3
         Trog's Hand       |     1 |       ||     1
    Use: Scroll            |     3 |     8 ||    11
         Potion            |     2 |     6 ||     8
 Armour: Plate armour      |    47 |   112 ||   159
         Ring mail         |     8 |       ||     8
  Dodge: Dodged            |    36 |    33 ||    69

Table legend: (Time is in decaauts)
 A = Elapsed time spent in this place.
 B = Non-inter-level travel time spent in this place.
 C = Inter-level travel time spent in this place.
 D = Time resting spent in this place.
 E = Time spent auto-exploring this place.
 F = Levels seen in this place.
 G = Mean time per level.
                   A        B        C        D        E       F      G
               +--------+--------+--------+--------+--------+-----+--------+
         Total |   2493 |   2270 |    223 |    266 |      0 |   5 |  498.6 |
       Dungeon |   2493 |   2270 |    223 |    266 |      0 |   5 |  498.6 |
               +--------+--------+--------+--------+--------+-----+--------+

Top non-repeatable levels by time:
     D:3: 765 daAuts
     D:4: 705 daAuts
     D:2: 578 daAuts
     D:1: 294 daAuts
     D:5: 149 daAuts
